 Dungeon Crawl Stone Soup version 0.27-a0-695-gb4952372f7 (webtiles) character file.

Game seed: 1332210147672718530

131401 jasper the Geomancer (level 16, -3/132 HPs)
             Began as a Demigod Conjurer on Mar 21, 2021.
             Shot with a bolt by a naga sharpshooter (25 damage)
             ... on level 1 of the Snake Pit.
             The game lasted 01:07:21 (40982 turns).

jasper the Geomancer (Demigod Conjurer)            Turns: 40982, Time: 01:07:22

Health: -3/132     AC: 14    Str: 10    XL:     16   Next: 7%
Magic:  6/37       EV: 16    Int: 45    God:
Gold:   1193       SH: 16    Dex: 18    Spells: 5/39 levels left

rFire    . . .     SeeInvis .   I - +9 staff of Olgreb {rPois∞}
rCold    + . .     Faith    .   U - +4 kite shield {reflect}
rNeg     + + +     Spirit   .   d - +1 robe "Lifyefan" {rN+ Will+ Str+2}
rPois    ∞         Reflect  +   h - +2 helmet
rElec    .         Harm     .   z - +2 cloak
rCorr    .         Rampage  .   r - +0 pair of gloves
Will     +....                  (no boots)
Stlth    ++........             Q - amulet of magic regeneration
HPRegen  0.32/turn              f - +6 ring of dexterity
MPRegen  0.50/turn              D - ring of Toith {rC+ rN+++ Will- AC+4 Int+5}

@: no status effects
A: high mp 1, forlorn
a: no special abilities


You were on level 1 of the Snake Pit.
You visited 4 branches of the dungeon, and saw 24 of its levels.
You also visited: Volcano.

You collected 2943 gold pieces.
You spent 1750 gold pieces at shops.

Inventory:

Hand Weapons
 H - a +5 demon trident of venom
 I - the +9 staff of Olgreb (weapon) {rPois∞}
   (You found it on level 10 of the Dungeon)

   It may poison the flesh of those it strikes, and is more effective with a
   high Evocations skill.
   It enhances your poison magic.
   It grants immunity to poison.
   It can be evoked to poison those around you for a time.
Missiles
 k - a throwing net
Armour
 d - the +1 robe "Lifyefan" (worn) {rN+ Will+ Str+2}
   (You found it on level 7 of the Dungeon)

   It affects your strength (+2).
   It protects you from negative energy.
   It affects your willpower, your defense against some magical effects.
 h - a +2 helmet (worn)
 r - a +0 pair of gloves (worn)
 z - a +2 cloak (worn)
 U - a +4 kite shield of reflection (worn)
 X - +0 steam dragon scales
Magical Staves
 m - a staff of earth
 u - a staff of death
 P - a staff of fire
 R - a staff of air
Jewellery
 f - a +6 ring of dexterity (right hand)
 g - an amulet of reflection
 j - a ring of see invisible
 q - a ring of ice
 w - a ring of ice
 D - the ring of Toith (left hand) {rC+ rN+++ Will- AC+4 Int+5}
   (You found it on level 14 of the Dungeon)

   [ring of protection]

   It affects your AC (+4).
   It affects your intelligence (+5).
   It protects you from cold.
   It renders you almost immune to negative energy.
   It affects your willpower, your defense against some magical effects.
 E - a ring of fire
 Q - an amulet of magic regeneration (around neck)
Wands
 n - a wand of acid (7)
 y - a wand of polymorph (41)
 C - a wand of digging (5)
 F - a wand of flame (22)
 M - a wand of iceblast (39)
 V - a wand of charming (2)
Scrolls
 a - a scroll of silence
 c - 7 scrolls of teleportation
 e - a scroll of summoning
 i - 2 scrolls of amnesia
 o - 14 scrolls of identify
 p - 3 scrolls of blinking
 B - a scroll of vulnerability
 G - 3 scrolls of magic mapping
 L - 3 scrolls of holy word
 O - a scroll of fear
Potions
 b - 6 potions of flight
 l - 7 potions of heal wounds
 s - 5 potions of curing
 t - 10 potions of ambrosia
 v - 4 potions of haste
 x - 4 potions of mutation
 A - 3 potions of attraction
 J - 2 potions of might
 N - 2 potions of cancellation
 S - 3 potions of magic
 T - 5 potions of lignification
 W - 8 potions of brilliance
 Y - 2 potions of resistance
 Z - a potion of invisibility


   Skills:
 - Level 9.4 Fighting
 - Level 8.2 Dodging
 - Level 1.7 Stealth
 - Level 12.1 Shields
 - Level 12.1 Spellcasting
 - Level 12.0 Conjurations
 - Level 2.0 Hexes
 - Level 2.0 Translocations
 + Level 12.6 Earth Magic
 - Level 5.0 Poison Magic


You had 5 spell levels left.
You knew the following spells:

 Your Spells              Type           Power      Damage    Failure   Level
a - Magic Dart            Conj           100%       1d8       0%          1
b - Searing Ray           Conj           100%       3d7       0%          2
c - Conjure Flame         Conj/Fire      69%        6-21      1%          3
d - Blink                 Tloc           N/A        N/A       1%          2
e - Sublimation of Blood  Necr           13%        N/A       2%          2
f - Mephitic Cloud        Conj/Pois/Air  87%        N/A       1%          3
g - Iskenderun's Mystic   Conj/Tloc      74%        2d15      1%          4
h - Tukima's Dance        Hex            45%        N/A       1%          3
i - Apportation           Tloc           90%        N/A       1%          1
j - Olgreb's Toxic Radia  Pois           83%        N/A       1%          4
k - Ignite Poison         Fire/Tmut/Pois 59%        N/A       2%          3
l - Iron Shot             Conj/Erth      47%        9d9       1%          6

Your spell library contained the following spells:

 Spells                   Type           Power      Damage    Failure   Level
 Corona                   Hex            50%        N/A       1%          1
 Sting                    Tmut/Pois      100%       1d8       1%          1
 Ensorcelled Hibernation  Hex/Ice        72%        N/A       1%          2
 Poisonous Vapours        Pois/Air       100%       N/A       1%          2
 Slow                     Hex            45%        N/A       1%          2
 Confusing Touch          Hex            45%        N/A       1%          3
 Dazzling Flash           Conj/Hex       100%       N/A       1%          3
 Lesser Beckoning         Tloc           22%        N/A       1%          3
 Animate Armour           Summ/Erth      100%       N/A       1%          4
 Fulminant Prism          Conj/Hex       37%        3d18      1%          4
 Leda's Liquefaction      Hex/Erth       37%        N/A       1%          4
 Bolt of Magma            Conj/Fire/Erth 39%        4d17      1%          5
 Call Imp                 Summ           27%        N/A       2%          2
 Corpse Rot               Necr/Air       N/A        N/A       2%          2
 Fireball                 Conj/Fire      34%        3d14      3%          5
 Dispel Undead            Necr           27%        3d13      14%         4
 Alistair's Intoxication  Tmut/Pois      43%        N/A       14%         5
 Agony                    Necr           27%        N/A       38%         5
 Excruciating Wounds      Necr           13%        N/A       38%         5
 Statue Form              Tmut/Erth      47%        N/A       17%         6
 Starburst                Conj/Fire      34%        8x6d10    19%         6
 Invisibility             Hex            45%        N/A       69%         6
 Ignition                 Fire           13%        3d6       100%        8
 Shatter                  Erth           48%        3d37*     100%        9


Dungeon Overview and Level Annotations

Branches:
Dungeon (15/15)            Temple (0/1) D:6            Lair (6/6) D:10
 Shoals (0/4) Lair:4        Snake (1/4) Lair:2          Orc (2/2) D:9
    Elf (0/3) Orc:2        Vaults (0/5) D:14         Depths (0/5) D:15
Volcano (visited)
  Slime: Lair:5-6

Shops:
D:9 (   D:14 (   Orc:1 (   Orc:2 **(:(=   Snake:1 !

Annotations:
D:2 1 runed translucent door, Crazy Yiuf
D:10 1 runed translucent door
Lair:4 exclusion: 2 doors
Lair:6 exclusion: oklob plant
Orc:1 3 runed translucent doors, RubberyChicken's ghost, journeyman GnWr


Innate Abilities, Weirdness & Mutations

Your attributes grow dramatically as you level up.
You have an increased reservoir of magic. (+10% MP)
You shall have no god before yourself.


Message History

Casting: Iskenderun's Mystic Blast (mildly dangerous; 1% risk of failure)
Confirm with . or Enter, or press ? or * to list all spells.
You erupt in a blast of force!
The mystic blast hits the naga ritualist!
The naga ritualist is heavily wounded.
The naga ritualist is knocked back by the mystic blast.
The mystic blast hits the naga.
You kill the naga!
The naga sharpshooter spits poison at you.
Your +4 kite shield of reflection reflects the splash of poison!
The splash of poison hits the naga sharpshooter.
The naga sharpshooter completely resists.
You now have 17/37 mp.
Casting: Iskenderun's Mystic Blast (mildly dangerous; 1% risk of failure)
Confirm with . or Enter, or press ? or * to list all spells.
Aiming: Iron Shot (dangerous; 1% risk of failure)
Press: ? - help, Shift-Dir - straight line, f - naga sharpshooter
Aim: a naga sharpshooter, wielding a +0 vorpal arbalest, wearing a +0 robe and quivering bolts (poisoned, catching its breath, 22% to evade)
The iron shot hits the naga sharpshooter!!!
The naga sharpshooter is heavily wounded.
The naga sharpshooter spits poison at you.
The splash of poison hits you but does no damage.
You resist.
The naga sharpshooter shoots a bolt.
The bolt hits you!
* * * LOW HITPOINT WARNING * * *
x2 You take 19 damage, and have 22/132 hp.
You now have 12/37 mp.
Casting: Iron Shot (dangerous; 1% risk of failure)
Confirm with . or Enter, or press ? or * to list all spells.
Okay, then.
Unknown command.
Casting: Iron Shot (dangerous; 1% risk of failure)
Confirm with . or Enter, or press ? or * to list all spells.
Aiming: Iron Shot (dangerous; 1% risk of failure)
Press: ? - help, Shift-Dir - straight line, f/p - naga sharpshooter
Aim: a naga sharpshooter, wielding a +0 vorpal arbalest, wearing a +0 robe and quivering bolts (heavily wounded, poisoned, catching its breath, 22% to evade)
The iron shot hits the naga sharpshooter!!!
You kill the naga sharpshooter!
The naga sharpshooter casts a spell.
The naga sharpshooter magically shoots a bolt.
The bolt hits you!!
You die...

###.....###....####
###.....(........ ######
#...........###
##.....###.............#
#.......##....).....#...
.........#.....#.......#
.....†.......^.....#####
........†.##..)....#
...N...@..##....†..#
....).†..###...........
.......)............#...
.........###........# ..
.....N...# #.......## .
.....................
.........###.........
#...).).##


You could see a naga sharpshooter (catching breath) and a naga ritualist.

Vanquished Creatures
  Gastronok (D:12)
  A dire elephant (Lair:4)
  Snorg (D:10)
  2 vault guards (D:14)
  An ice dragon (Lair:6)
  5 boulder beetles
  8 hydras
  An anaconda (Snake:1)
  2 ogre magi
  A naga warrior (Snake:1)
  4 centaur warriors
  A catoblepas (Lair:4)
  Erica (D:11)
  3 orc high priests (Orc:2)
  7 death yaks
  3 tengu warriors
  Urug (Lair:3)
  12 two-headed ogres
  A hell hog (Volcano)
  2 naga sharpshooters (Snake:1)
  8 hell knights (D:15)
  A fire crab (Volcano)
  2 unseen horrors
  A naga ritualist (Snake:1)
  6 wizards
  A lindwurm (Lair:6)
  4 orc sorcerers (Orc:2)
  4 necromancers
  2 ugly things (D:12)
  2 mana vipers (Snake:1)
  4 deep elf pyromancers
  7 deep elf zephyrmancers (D:13)
  5 orc knights (Orc:2)
  5 cyclopes
  2 salamanders (Snake:1)
  17 black mambas
  3 gargoyles
  A naga mage (D:15)
  Maurice (D:13)
  3 elephants (Lair:6)
  6 torpor snails
  12 cane toads
  6 centaur skeletons
  A kobold demonologist (D:14)
  4 rime drakes
  10 komodo dragons
  6 trolls
  A hornet (shapeshifter) (D:14)
  2 polar bears
  9 hornets
  3 slime creatures (D:14)
  A queen bee (D:9)
  Prince Ribbit (D:8)
  39 blink frogs
  3 tyrant leeches (Lair:6)
  9 dream sheep
  A redback (shapeshifter) (D:13)
  2 shadows
  8 redbacks (D:15)
  A vampire (D:15)
  19 humans (D:14)
  3 wyverns
  A steam dragon (Volcano)
  6 fire bats (Volcano)
  3 vampire mosquitoes (D:15)
  Grum (D:9)
  7 basilisks
  A hog (shapeshifter) (D:14)
  A human (shapeshifter) (D:15)
  65 yaks
  7 wargs
  An acid dragon (D:14)
  6 soldier ants
  4 nagas
  9 hell hounds
  24 water moccasins
  3 sky beasts
  27 orc warriors
  4 ice beasts
  3 black bears
  23 ogres
  10 wolves
  8 centaurs
  2 phantoms
  2 kobold brigands
  15 bullfrogs
  2 wyvern zombies
  A wyvern skeleton (D:4)
  4 scorpions
  33 killer bees
  19 wights
  3 howler monkeys (D:11)
  A bullfrog zombie (D:10)
  6 centaur zombies
  A quasit (D:9)
  5 jellies
  A gnoll shaman (D:7)
  25 orc priests
  6 hounds
  Jessica (D:2)
  3 bullfrog skeletons
  Terence (D:2)
  10 iguanas
  30 orc wizards
  10 hell rats
  17 worker ants
  A hound zombie (D:11)
  A worker ant zombie (D:8)
  13 adders
  8 gnolls
  5 shadow imps
  3 white imps (D:5)
  4 ufetubi
  3 adder skeletons
  4 worms
  8 dart slugs
  72 orcs
  4 ball pythons
  9 bats
  8 giant cockroaches
  9 goblins
  13 hobgoblins
  19 kobolds
  8 quokkas
  3 frilled lizards
  8 rats
899 creatures vanquished.

Vanquished Creatures (others)
  A kobold brigand (D:14)
  A kobold (D:10)
  A bush (Lair:6)
  53 fungi
  117 plants
173 creatures vanquished.

Grand Total: 1072 creatures vanquished

Notes
Turn   | Place    | Note
-------+----------+-------------------------------------------
     0 | D:1      | jasper the Demigod Conjurer began the quest for the Orb.
     0 | D:1      | Reached XP level 1. HP: 14/14 MP: 5/5
   290 | D:1      | Reached XP level 2. HP: 20/20 MP: 0/7
   376 | D:1      | Learned a level 2 spell: Searing Ray
   964 | D:1      | Reached XP level 3. HP: 26/26 MP: 5/8
  1264 | D:2      | Reached skill level 5 in Conjurations
  1568 | D:2      | Noticed Terence
  1593 | D:2      | Killed Terence
  1594 | D:2      | Reached XP level 4. HP: 22/33 MP: 0/9
  1795 | D:2      | Noticed Jessica
  1798 | D:2      | Killed Jessica
  2215 | D:2      | Found a runed translucent door.
  2216 | D:2      | Noticed Crazy Yiuf
  2687 | D:3      | Learned a level 3 spell: Conjure Flame
  3069 | D:3      | Reached XP level 5. HP: 38/38 MP: 5/10
  3526 | D:4      | You fall into a shaft and drop 3 floors!
  3677 | D:7      | Noticed an ogre
  3688 | D:7      | Killed an ogre
  3689 | D:7      | Reached XP level 6. HP: 25/45 MP: 5/11
  3692 | D:7      | Learned a level 2 spell: Blink
  4049 | D:7      | Identified the +1 robe "Lifyefan" {rN+ Will+ Str+2}
  4254 | D:7      | Noticed a two-headed ogre
  4264 | D:6      | Reached XP level 7. HP: 42/50 MP: 3/13
  4353 | D:6      | Learned a level 2 spell: Sublimation of Blood
  4426 | D:5      | Entered Level 5 of the Dungeon
  5411 | D:5      | Learned a level 3 spell: Mephitic Cloud
  5992 | D:5      | Reached XP level 8. HP: 57/57 MP: 13/19
  6051 | D:5      | Reached skill level 5 in Spellcasting
  6057 | D:5      | Learned a level 4 spell: Iskenderun's Mystic Blast
  6466 | D:6      | Found a staircase to the Ecumenical Temple.
  7077 | D:6      | Learned a level 3 spell: Tukima's Dance
  7405 | D:7      | Killed a two-headed ogre
  7406 | D:7      | Reached XP level 9. HP: 22/62 MP: 10/25
  7761 | D:7      | Identified the +7 hunting sling of Otiabekk {vorpal, Int+4}
  7870 | D:7      | Reached skill level 1 in Fighting
  7997 | D:7      | Reached skill level 1 in Shields
  7998 | D:7      | Reached skill level 1 in Translocations
  8931 | D:8      | Identified the +3 battleaxe "Death Rattle" {flame, *Drain
                  | rN+++ Dex-3 Stlth+}
  8937 | D:8      | Noticed Prince Ribbit
  8944 | D:8      | Killed Prince Ribbit
  9479 | D:9      | Noticed Grum
  9490 | D:9      | Killed Grum
 10081 | D:9      | Reached XP level 10. HP: 42/78 MP: 21/27
 10241 | D:9      | Found a staircase to the Orcish Mines.
 10241 | D:9      | Found Vesuneur's Weapon Shoppe.
 10752 | D:9      | Reached skill level 5 in Shields
 11384 | D:10     | Entered Level 10 of the Dungeon
 11452 | D:10     | You fall into a shaft and drop 3 floors!
 11580 | D:13     | Learned a level 1 spell: Apportation
 11602 | D:13     | Reached skill level 1 in Hexes
 11602 | D:13     | Noticed a centaur warrior
 11614 | D:13     | Killed a centaur warrior
 11615 | D:13     | Reached skill level 5 in Fighting
 11642 | D:13     | Noticed a centaur warrior
 11647 | D:13     | Noticed a cyclops
 11656 | D:12     | Noticed Gastronok
 11947 | D:11     | Noticed a boulder beetle
 11969 | D:11     | Killed a boulder beetle
 12209 | D:11     | Noticed Erica
 12219 | D:11     | Killed Erica
 12758 | D:10     | Reached XP level 11. HP: 86/86 MP: 29/29
 12780 | D:10     | Noticed Snorg
 12845 | D:10     | Killed Snorg
 13166 | D:10     | Found a runed translucent door.
 13167 | D:10     | Found a runed translucent gate.
 13167 | D:10     | Found a runed translucent gate.
 13223 | D:10     | Found the +9 staff of Olgreb {rPois∞}
 13228 | D:10     | Found a runed translucent door.
 13603 | D:10     | Found a runed translucent gate.
 13720 | D:10     | Found a staircase to the Lair.
 14995 | D:11     | Reached skill level 10 in Spellcasting
 15266 | Lair:1   | Entered Level 1 of the Lair of Beasts
 15908 | Lair:1   | Reached skill level 10 in Shields
 15928 | Lair:1   | Learned a level 4 spell: Olgreb's Toxic Radiance
 15932 | Lair:1   | Learned a level 3 spell: Ignite Poison
 15959 | Lair:1   | Found a frozen archway.
 15975 | Lair:1   | Reached skill level 1 in Poison Magic
 16555 | Lair:1   | Noticed a six-headed hydra
 16565 | Lair:1   | Killed a six-headed hydra
 17362 | Lair:2   | Reached XP level 12. HP: 77/95 MP: 0/30
 17781 | Lair:2   | Noticed a seven-headed hydra
 17787 | Lair:2   | Killed a seven-headed hydra
 17808 | Lair:2   | Found a staircase to the Snake Pit.
 18206 | Lair:2   | Reached skill level 5 in Poison Magic
 19264 | Lair:3   | Reached skill level 5 in Dodging
 19664 | Lair:3   | Noticed a five-headed hydra
 19674 | Lair:3   | Killed a five-headed hydra
 20131 | Lair:3   | Noticed Urug
 20146 | Lair:3   | Killed Urug
 20458 | Lair:3   | Noticed a boulder beetle
 20467 | Lair:3   | Killed a boulder beetle
 20921 | Lair:4   | Found a dark tunnel.
 20928 | Volcano  | Entered a volcano
 21012 | Volcano  | Reached XP level 13. HP: 64/105 MP: 23/32
 21637 | Lair:4   | Found a staircase to the Shoals.
 22844 | Lair:4   | Noticed a dire elephant
 22860 | Lair:4   | Killed a dire elephant
 25618 | Orc:1    | Entered Level 1 of the Orcish Mines
 25718 | Orc:2    | Entered Level 2 of the Orcish Mines
 26355 | Orc:2    | Found a staircase to the Elven Halls.
 26638 | Orc:2    | Found Puetruol's Jewellery Shop.
 27020 | Orc:2    | Found Usuur's General Store.
 27028 | Orc:2    | Bought a potion of heal wounds for 80 gold pieces
 27028 | Orc:2    | Bought a throwing net for 48 gold pieces
 27028 | Orc:2    | Bought a potion of magic for 128 gold pieces
 27028 | Orc:2    | Bought a potion of might for 64 gold pieces
 27140 | Orc:2    | Reached XP level 14. HP: 110/118 MP: 21/35
 27362 | Orc:2    | Found Itoahenn's Weapon Shop.
 27362 | Orc:2    | Found Uhorphic's General Store.
 27364 | Orc:2    | Found Zaowoav's Book Shop.
 27364 | Orc:2    | Found Nicuwn's Weapon Emporium.
 27372 | Orc:2    | Bought a book of the Earth for 715 gold pieces
 27379 | Orc:2    | Learned a level 6 spell: Iron Shot
 27618 | Orc:1    | Found Bipnifeakk's Weapon Shop.
 27636 | Orc:1    | Reached skill level 1 in Earth Magic
 27831 | Orc:1    | Found a runed translucent gate.
 27831 | Orc:1    | Found a runed translucent gate.
 27831 | Orc:1    | Found a runed translucent gate.
 27832 | Orc:1    | Noticed RubberyChicken's ghost (journeyman GnWr)
 28477 | Orc:2    | Bought a book of Fire for 715 gold pieces
 28711 | Lair:6   | Entered Level 6 of the Lair of Beasts
 30349 | Lair:6   | Reached skill level 5 in Earth Magic
 30380 | Lair:6   | Found a runed translucent door.
 30399 | Lair:6   | Reached skill level 10 in Conjurations
 32926 | D:12     | Killed Gastronok
 34199 | D:13     | Reached XP level 15. HP: 125/125 MP: 1/36
 34962 | D:13     | Identified the +3 rapier "Pacu" {drain, rElec rC++ Will-
                  | Dex+4}
 34962 | D:13     | Noticed Maurice
 34965 | D:13     | Killed Maurice
 35234 | D:14     | Identified the ring of Toith {rC+ rN+++ Will- AC+4 Int+5}
 35697 | D:14     | Found a gate to the Vaults.
 36968 | D:14     | Found Kusyterph's Weapon Boutique.
 37033 | D:15     | Entered Level 15 of the Dungeon
 37463 | D:15     | Reached skill level 10 in Earth Magic
 37479 | D:15     | Found a staircase to the Depths.
 40395 | Snake:1  | Entered Level 1 of the Snake Pit
 40579 | Snake:1  | Reached XP level 16. HP: 125/132 MP: 11/37
 40884 | Snake:1  | Found Herefug's Distillery.
 40982 | Snake:1  | Shot with a bolt by a naga sharpshooter

Illustrated notes

Levels and vault maps discovered:
D:1:      dpeg_arrival_water_fire, layout_basic
D:2:      minmay_recursive_quarters, layout_rooms,
          lemuel_coloured_pillars_altar, lemuel_round_altar,
          nzn_wu_jian_council_hall, uniq_jessica, uniq_terence,
          uniq_crazy_yiuf_cottage
D:3:      layout_loops_cross
D:4:      layout_rooms, hangedman_decor_points
D:5:      layout_gridville, nemelex_xobeh_ov_fountains_minmay, minitemple
D:6:      minmay_skewed_foursquare, layout_basic,
          minmay_temple_entry_purple_smoke
D:7:      minmay_bubble_buster, layout_loops_cross, the_bakery
D:8:      layout_basic, uniq_prince_ribbit1
D:9:      layout_loops_ring, vehumet_crystals, orc_david_3, special_room
          [special_room_bee], roderic_serpentine_path, uniq_grum
D:10:     layout_basic, erik_lair_orcish_takeover,
          minmay_guarded_unrand_staff_of_olgreb, uniq_snorg
D:11:     layout_roguey, serial_rivers, chequers_serial_rivers_micro_e,
          chequers_serial_rivers_small_b, chequers_serial_rivers_small_b,
          chequers_serial_rivers_large_a, chequers_serial_rivers_micro_c,
          chequers_serial_rivers_room_a, uniq_erica
D:12:     layout_small_grid, enter_bailey_3, uniq_gastronok
D:13:     wad_woods_tower, layout_irregular_city, elves_outpost_lemuel,
          uniq_maurice
D:14:     layout_irregular_city, grunt_vaults_entry_tiered, serial_shops,
          kennysheep_mini_moat, nicolae_vehumet_altar_sigil
D:15:     grunt_enter_depths_magical_seal, layout_irregular_city, basic_altar,
          drop_trap, minmay_rotating_lava
Lair:1:   layout_roguey, portal_ice_cave_entry_pillars_1
Lair:2:   layout_gridlike, minmay_snake_entry_six_corridors, st_stairs_6,
          serial_bayou_shore_b
Lair:3:   layout_small_grid, infiniplex_staircase_pool_2, uniq_urug
Lair:4:   nzn_winding_woodlands_stair_trap
          [nzn_winding_woodlands_5x15_sidewinder,
          nzn_winding_woodlands_5x15_zeroes, nzn_winding_woodlands_5x15_jagged,
          nzn_winding_woodlands_15x15_boxy_spiral,
          nzn_winding_woodlands_5x15_pool,
          nzn_winding_woodlands_5x15_split_checker,
          nzn_winding_woodlands_5x15_twine], layout_loops_ring,
          shoals_dummy_entry, enter_volcano_4
Lair:5:   layout_cave_pods, chequers_serial_rivers_micro_b,
          nzn_masters_of_martial_movement
Lair:6:   wormcave, layout_cave_pods, minmay_slime_entry_oklob_enclosed,
          gauntlet_entry_generic, minmay_stone_trees_small
Snake:1:  layout_rooms, ebering_ghost_rock_garden, grunt_ministairs_8,
          minmay_shop_star, uniq_roxanne
Orc:1:    layout_diamond_mine, ebering_ghost_rock_garden, serial_shops,
          nicolae_shop_crystal
Orc:2:    grunt_orc_tribal_feast, layout_caves, basic_altar, serial_shops,
          nicolae_shop_trees, minmay_shop_enchanted_jewellery

Skill      XL: |  1  2  3  4  5  6  7  8  9 10 11 12 13 14 15 |
---------------+----------------------------------------------+-----
Conjurations   | 4 5 6 7 8 11 12 | 12.0
Spellcasting   | 2 4 8 9 10 11 12 | 12.1
Fighting       | 3 5 7 9 |  9.4
Shields        | 4 7 10 12 | 12.1
Translocations | 2 |  2.0
Hexes          | 2 |  2.0
Dodging        | 3 5 8 |  8.2
Poison Magic   | 4 5 |  5.0
Earth Magic    | 7 12 | 12.6
Stealth        | |  1.7

Action                   |  1- 3 |  4- 6 |  7- 9 | 10-12 | 13-15 | 16-18 || total
-------------------------+-------+-------+-------+-------+-------+-------++-------
Melee: Unarmed           |     3 |       |       |       |       |       ||     3
       Mace              |       |     8 |    13 |       |       |       ||    21
       Demon trident     |       |       |    26 |   158 |   143 |       ||   327
       Staff             |       |       |       |       |    40 |     2 ||    42
Throw: Dart              |     2 |       |       |       |       |       ||     2
       Stone             |     2 |       |       |       |       |       ||     2
 Cast: Magic Dart        |    72 |    92 |   186 |   251 |   373 |       ||   974
       Searing Ray       |     2 |    12 |    55 |   109 |    65 |       ||   243
       Conjure Flame     |       |     1 |       |     4 |       |       ||     5
       Iskenderun's Myst |       |       |     5 |     3 |     7 |     5 ||    20
       Mephitic Cloud    |       |       |       |     3 |       |       ||     3
       Blink             |       |       |       |     2 |    12 |       ||    14
       Olgreb's Toxic Ra |       |       |       |    23 |   154 |     1 ||   178
       Ignite Poison     |       |       |       |    16 |   127 |       ||   143
       Iron Shot         |       |       |       |       |   121 |    13 ||   134
Evoke: Wand              |       |       |       |     3 |     1 |       ||     4
       Staff of Olgreb   |       |       |       |       |       |     4 ||     4
  Use: Potion            |       |     1 |       |       |     1 |       ||     2
       Scroll            |       |       |    17 |    11 |    11 |       ||    39
 Stab: Sleeping          |       |       |     1 |     1 |     3 |       ||     5
       Distracted        |       |       |       |     1 |     1 |       ||     2
Armor: Robe              |     1 |    10 |    22 |    80 |    86 |     3 ||   202
Dodge: Dodged            |     9 |    16 |    23 |   164 |   252 |    11 ||   475
Block: Other             |       |     3 |     7 |       |       |       ||    10
       Kite shield       |       |       |    34 |   326 |   446 |    16 ||   822
       Reflection        |       |       |     2 |     3 |    20 |     4 ||    29

Table legend: (Time is in decaauts)
 A = Elapsed time spent in this place.
 B = Non-inter-level travel time spent in this place.
 C = Inter-level travel time spent in this place.
 D = Time resting spent in this place.
 E = Time spent auto-exploring this place.
 F = Levels seen in this place.
 G = Mean time per level.
                   A        B        C        D        E       F      G
               +--------+--------+--------+--------+--------+-----+--------+
         Total |  41222 |  39290 |   1932 |   6077 |  28058 |  25 | 1648.9 |
       Dungeon |  23352 |  22329 |   1023 |   3150 |  16302 |  15 | 1556.8 |
          Lair |  14087 |  13373 |    714 |   1915 |   9822 |   6 | 2347.8 |
     Snake Pit |    380 |    380 |      0 |    209 |     89 |   1 |  380.0 |
  Orcish Mines |   2914 |   2719 |    195 |    694 |   1601 |   2 | 1457.0 |
       Volcano |    486 |    486 |      0 |    109 |    243 |   1 |  486.0 |
               +--------+--------+--------+--------+--------+-----+--------+

Top non-repeatable levels by time:
  Lair:6: 3414 daAuts
    D:15: 3018 daAuts
  Lair:4: 2600 daAuts
  Lair:5: 2213 daAuts
    D:11: 2140 daAuts
  Lair:2: 2097 daAuts
     D:9: 2007 daAuts
  Lair:3: 1953 daAuts
    D:14: 1926 daAuts
  Lair:1: 1807 daAuts
   Orc:1: 1751 daAuts
    D:12: 1620 daAuts
    D:10: 1615 daAuts
     D:7: 1573 daAuts
    D:13: 1434 daAuts
